 Dungeon Crawl Stone Soup version 0.20.0-6-gd3061e9 (webtiles) character file.

48 cereshysteria the Insei (level 3, -1/21 HPs)
             Began as a Tengu Skald on May 28, 2017.
             Slain by a worm (9 damage)
             ... on level 2 of the Dungeon.
             The game lasted 00:03:57 (1895 turns).

cereshysteria the Insei (Tengu Skald)               Turns: 1895, Time: 00:03:58

Health: -1/21      AC:  3    Str: 10 (11) XL:     3   Next: 72%
Magic:  4/7        EV: 12    Int: 12 (13) God:
Gold:   39         SH:  0    Dex: 12 (14) Spells: 2/6 levels left

rFire    . . .     SeeInvis +     - Unarmed
rCold    . . .     Gourm    .   (no shield)
rNeg     . . .     Faith    .   a - +0 leather armour
rPois    .         Spirit   .   (helmet restricted)
rElec    .         Reflect  .   (no cloak)
rCorr    .         Harm     .   (no gloves)
MR       .....                  (boots unavailable)
Stlth    +.........             (no amulet)
Regen    0.1/turn               h - ring of see invisible
MPRegen  0.1/turn               (no ring)

@: infused
A: beak, talons 3
a: no special abilities


You were on level 2 of the Dungeon.
You were not hungry.

You visited 1 branch of the dungeon, and saw 2 of its levels.

You collected 39 gold pieces.

Inventory:

Armour
 a - a +0 leather armour (worn)
Jewellery
 h - a ring of see invisible (left hand)
 l - an uncursed amulet of harm {unknown}
Wands
 k - a wand of confusion (23/48)
Scrolls
 e - 2 scrolls of teleportation {unknown}
 f - 4 scrolls of remove curse
 g - 2 scrolls of identify
Potions
 j - 4 potions of curing
 m - a potion of might {unknown}
Books
 b - a book of Battle

   Spells                             Type                      Level
   a - Infusion                       Charms                       1
   b - Shroud of Golubria             Charms/Translocation         2
   c - Song of Slaying                Charms                       2
   d - Spectral Weapon                Hexes/Charms                 3
   e - Regeneration                   Charms/Necromancy            3
Comestibles
 c - a bread ration
 d - 2 meat rations
 i - 3 fruits


   Skills:
 - Level 2.0 Fighting
 - Level 1.1 Armour
 - Level 2.1 Dodging
 * Level 4.0 Unarmed Combat
 - Level 2.0 Spellcasting
 + Level 2.7 Charms


You had 2 spell levels left.
You knew the following spells:

 Your Spells              Type           Power        Failure   Level  Hunger
a - Infusion              Chrm           #...         12%         1    ##.....
b - Spectral Weapon       Hex/Chrm       #.......     54%         3    ####...


Dungeon Overview and Level Annotations

Branches:
Dungeon (2/15)

Altars:


Innate Abilities, Weirdness & Mutations

You have a beak for a mouth.
You have claws for feet.


Message History

No target in view!
No target in view!
f - 4 scrolls of remove curse (gained 1)
A worm comes into view.
Casting: Infusion
Confirm with . or Enter, or press ? or * to list all spells.
You begin infusing your attacks with magical energy.
The worm bites you!
You are too injured to fight recklessly!
You are too injured to fight recklessly!
You are too injured to fight recklessly!
You are too injured to fight recklessly!
You are too injured to fight recklessly!
You hit the worm.
The worm is lightly wounded.
The worm barely misses you.
You hit the worm. You claw the worm, but do no damage.
The worm is lightly wounded.
The worm bites you!
You die...

...........#
.##..........##
...
..............
... #..........##
..##....).......
..#............
#.#............
#.#.........!..
#.....†@w......
##..#####......
#..# ...... ##.##
..... ###..###
.#...
##########......#
#...
#...............#
..
#...............#
#.......†.......#


You could see a worm.

Vanquished Creatures
  An adder (D:1)
  3 worms (D:2)
  A dart slug (D:1)
  A leopard gecko (D:2)
  A ball python (D:1)
  3 goblins
  2 hobgoblins (D:1)
  2 jackals (D:2)
  2 bats
  3 frilled lizards
  3 kobolds (D:1)
  9 rats
31 creatures vanquished.

Notes
Turn   | Place    | Note
-------+----------+-------------------------------------------
     0 | D:1      | cereshysteria the Tengu Skald began the quest for the Orb.
     0 | D:1      | Reached XP level 1. HP: 12/12 MP: 4/4
   699 | D:1      | Reached XP level 2. HP: 16/17 MP: 3/6
   811 | D:1      | Reached skill level 3 in Unarmed Combat
  1221 | D:1      | Reached XP level 3. HP: 21/21 MP: 4/7
  1636 | D:2      | Learned a level 3 spell: Spectral Weapon
  1672 | D:2      | Reached skill level 4 in Unarmed Combat
  1895 | D:2      | Slain by a worm

Skill      XL: |  1  2  3 |
---------------+----------+-----
Unarmed Combat | 3 4 |  4.0
Fighting       | |  2.0
Armour         | |  1.1
Dodging        | |  2.1
Spellcasting   | |  2.0
Charms         | |  2.7

Action                   || total
-------------------------++-------
Melee: Unarmed           ||   101
       Peck              ||    10
       Kick              ||    23
 Cast: Infusion          ||     9
  Use: Potion            ||     1
       Scroll            ||     2
  Eat: Bread ration      ||     1
Armor: Leather armour    ||    16
Dodge: Dodged            ||    53
